 Dungeon Crawl Stone Soup version 0.25.0-33-gff14898491 (webtiles) character file.

Game seed: 8651837133466305358

129 xccam the Sneak (level 5, 0/34 HPs)
             Began as an Octopode Assassin on July 7, 2020.
             Slain by a bat (1 damage)
             ... on level 3 of the Dungeon.
             The game lasted 00:03:13 (2248 turns).

xccam the Sneak (Octopode Assassin)                 Turns: 2248, Time: 00:03:13

Health: 0/34       AC: -3    Str: 10    XL:     5   Next: 12%
Magic:  5/5        EV: 13    Int: 14    God:
Gold:   91         SH:  0    Dex: 14    Spells: 4/4 levels left

rFire    . . .     SeeInvis +   a - +2 dagger
rCold    . . .     Gourm    .   (no shield)
rNeg     . . .     Faith    .   (helmet restricted)
rPois    .         Spirit   .   h - amulet of magic regeneration
rElec    .         Reflect  .   i - ring of stealth
rCorr    .         Harm     .   j - ring of see invisible
MR       .....                  l - -4 ring of protection (curse)
Stlth    +++++.....             (no ring)
HPRegen  0.11/turn              (no ring)
MPRegen  0.34/turn              (no ring)
                                (no ring)
                                (no ring)

@: no status effects
A: almost no armour, stealthy swim, amphibious, 8 rings, constrict 8, camouflage
1, gelatinous body 1
a: no special abilities


You were on level 3 of the Dungeon.
You were not hungry.

You visited 1 branch of the dungeon, and saw 3 of its levels.

You collected 91 gold pieces.

Inventory:

Hand Weapons
 a - a +2 dagger (weapon)
Missiles
 b - 8 poisoned darts (quivered)
 c - 2 curare-tipped darts
Armour
 k - a +0 kite shield
Jewellery
 h - an amulet of magic regeneration (around mantle)
 i - a ring of stealth (left tentacle)
 j - a ring of see invisible (right tentacle)
 l - a cursed -4 ring of protection (on tentacle)
Scrolls
 g - a scroll of enchant armour
Comestibles
 d - 5 rations
 f - 7 chunks of flesh


   Skills:
 - Level 2.0 Fighting
 + Level 5.1 Short Blades
 - Level 2.0 Throwing
 - Level 1.0 Dodging
 - Level 5.3 Stealth


You had 4 spell levels left.
You didn't know any spells.
Your spell library was empty.

Dungeon Overview and Level Annotations

Branches:
Dungeon (3/15)

Altars:


Innate Abilities, Weirdness & Mutations

You cannot wear most types of armour.
You are very stealthy in the water. (Stealth+)
You are amphibious.
You can wear up to eight rings at the same time.
You can use your tentacles to constrict eight enemies at once.
Your skin changes colour to match your surroundings (Stealth+).
Your rubbery body absorbs attacks. (AC +1, EV +1)


Message History

The orc wizard hits you with a +0 dagger.
* * * LOW HITPOINT WARNING * * *
Unknown command.
Unknown command.
The bat hits you.
* * * LOW HITPOINT WARNING * * *
Unknown command.
The bat completely misses you.
Unknown command.
The bat closely misses you. The bat hits you.
* * * LOW HITPOINT WARNING * * *
Unknown command.
You aren't carrying any potions.
Okay, then.
The bat closely misses you. The bat barely misses you. The bat hits you.
* * * LOW HITPOINT WARNING * * *
The bat barely misses you. The bat hits you.
You die...

##...# #.rb.#
####.#### #...o...##
.# #.##.#...## .#
########.##o.....## .#
.........##.b)....#.
.###
########.##..........#
.>. .# #.##@b.....#.#.
# .# #..)......###.# #
.# #.####...## ##
####.# #.# #####
...#.# #.# ##.#.###
#.# ##g)>..# #.###
##g....# #...#
##.....# ######.####


You could see an orc priest, an orc wizard (fast, invisible), 2 bats and a rat.

Vanquished Creatures
  Robin (D:3)
  3 adders (D:2)
  3 worms (D:2)
  3 dart slugs
  An orc (D:3)
  3 giant cockroaches
  13 goblins
  12 hobgoblins
  11 kobolds
  A ball python (D:3)
  10 bats
  5 frilled lizards
  8 rats
74 creatures vanquished.

Notes
Turn   | Place    | Note
-------+----------+-------------------------------------------
     0 | D:1      | xccam the Octopode Assassin began the quest for the Orb.
     0 | D:1      | Reached XP level 1. HP: 14/14 MP: 1/1
    35 | D:1      | Reached XP level 2. HP: 9/19 MP: 2/2
   433 | D:1      | Reached XP level 3. HP: 22/24 MP: 3/3
   914 | D:2      | Reached XP level 4. HP: 29/29 MP: 4/4
  1809 | D:3      | Noticed Robin
  1964 | D:3      | Reached skill level 5 in Short Blades
  1975 | D:3      | Killed Robin
  1975 | D:3      | Reached XP level 5. HP: 16/34 MP: 5/5
  2245 | D:3      | HP: 1/34 [bat (1)]
  2248 | D:3      | Slain by a bat

Illustrated notes

Levels and vault maps discovered:
D:1:      lemuel_arrival_room, layout_rooms, minmay_pentomino_w4
D:2:      layout_basic
D:3:      layout_loops_cross, tso_metal_star, gammafunk_temple_overflow_wave,
          first_ration, lexackson_kobold_supper, uniq_sigmund, uniq_grinder,
          uniq_robin

Skill      XL: |  1  2  3  4 |
---------------+-------------+-----
Short Blades   | 3 4 5 |  5.1
Fighting       | |  2.0
Throwing       | |  2.0
Dodging        | |  1.0
Stealth        | |  5.3

Action                   |  1- 3 |  4- 6 || total
-------------------------+-------+-------++-------
Melee: Dagger            |    69 |    64 ||   133
       Constrict         |    21 |    16 ||    37
       Tentacles         |     9 |    11 ||    20
  Use: Scroll            |       |     3 ||     3
       Potion            |       |     1 ||     1
 Stab: Sleeping          |    13 |    11 ||    24
  Eat: Chunk             |       |     4 ||     4
Armor: Skin              |     3 |     3 ||     6
Dodge: Dodged            |    45 |    32 ||    77
